 Dungeon Crawl Stone Soup version 0.21-a0-426-g98080a9 (webtiles) character file.

440 Gaball the Archer (level 6, 0/34 HPs)
             Began as a Deep Elf Hunter on Nov 7, 2017.
             Succumbed to a scorpion's poison
             ... on level 4 of the Dungeon.
             The game lasted 00:10:47 (3878 turns).

Gaball the Archer (Deep Elf Hunter)                 Turns: 3878, Time: 00:10:48

Health: 0/34       AC:  3    Str:  9    XL:     6   Next: 70%
Magic:  8/8        EV: 12    Int: 21    God:
Gold:   176        SH:  5    Dex: 17    Spells: 5/5 levels left

rFire    . . .     SeeInvis .   b - +0 short sword
rCold    . . .     Gourm    .   (no shield)
rNeg     . . .     Faith    .   c - +0 leather armour
rPois    .         Spirit   .   (no helmet)
rElec    .         Reflect  +   (no cloak)
rCorr    .         Harm     .   (no gloves)
MR       .....                  (no boots)
Stlth    ++........             k - +5 amulet of reflection
HPRegen  0.11/turn              (no ring)
MPRegen  0.11/turn              (no ring)

@: brilliant, lethally poisoned (0 -> -5), berserk cooldown, slowed, very slow
A: no striking features
a: no special abilities


You were on level 4 of the Dungeon.
You were not hungry.

You visited 1 branch of the dungeon, and saw 4 of its levels.

You collected 176 gold pieces.

Inventory:

Hand Weapons
 a - a +1 shortbow
 b - a +0 short sword (weapon)
Missiles
 d - 56 arrows
Armour
 c - a +0 leather armour (worn)
Jewellery
 k - a +5 amulet of reflection (around neck)
Scrolls
 e - 2 scrolls of magic mapping {unknown}
 j - a scroll of enchant weapon
 m - 2 scrolls of immolation {unknown}
 n - a scroll of remove curse {unknown}
 p - a scroll of fear {unknown}
 q - 2 scrolls of teleportation {unknown}
 r - a scroll of identify
 s - a scroll of random uselessness {unknown}
Potions
 g - 3 potions of magic
 h - 2 potions of berserk rage
 i - a potion of flight {unknown}
 l - a potion of brilliance
 o - 2 potions of lignification {unknown}
Comestibles
 f - 2 bread rations
 t - 2 chunks of flesh


   Skills:
 - Level 1.5 Fighting
 + Level 8.9 Bows
 - Level 2.4 Dodging
 - Level 1.2 Stealth


You had 5 spell levels left.
You didn't know any spells.

Dungeon Overview and Level Annotations

Branches:
Dungeon (4/15)
 Temple: D:4-7

Altars:
Dithmenos


Message History

You puncture the scorpion!
You kill the scorpion!
* * * LOW HITPOINT WARNING * * *
You feel sick.
You are too berserk!
You feel a strong urge to attack something.
* * * LOW HITPOINT WARNING * * *
You feel sick.
You are no longer berserk.
You are exhausted.
You feel yourself slow down.
* * * LOW HITPOINT WARNING * * *
You feel sick.
* * * LOW HITPOINT WARNING * * *
You feel sick.
* * * LOW HITPOINT WARNING * * *
You feel sick.
It was a potion of brilliance.
You feel clever all of a sudden.
You die...

.......# #.....<+...#.###.#
###.##.######....###.#.###.#
......†.....†....).......>.#
###.####....###.###......#.#
................)........#
###.####....#..<.........#
#.# #....#............# #.#
######............# #.#
#...@........# #.#
####.##......# #.#
#########..#.###### .#
....................
........†...........
....................
....................
.....(.(†...........
....(..(............


There were no monsters in sight!

Vanquished Creatures
  A scorpion (D:4)
  A hound (D:3)
  A centaur skeleton (D:4)
  A gnoll shaman (D:4)
  An iguana (D:4)
  A worker ant (D:4)
  6 gnolls (D:4)
  10 adders
  An ooze (D:4)
  5 worms
  A dart slug (D:1)
  A leopard gecko (D:2)
  3 orcs
  2 ball pythons (D:1)
  6 giant cockroaches
  9 goblins
  7 hobgoblins
  10 jackals
  7 kobolds
  4 bats
  8 frilled lizards
  6 rats
92 creatures vanquished.

Notes
Turn   | Place    | Note
-------+----------+-------------------------------------------
     0 | D:1      | Gaball the Deep Elf Hunter began the quest for the Orb.
     0 | D:1      | Reached XP level 1. HP: 12/12 MP: 3/3
   204 | D:1      | Reached XP level 2. HP: 16/16 MP: 4/4
   256 | D:1      | Reached skill level 5 in Bows
   776 | D:2      | Reached XP level 3. HP: 20/20 MP: 5/5
  1033 | D:2      | Found a shadowy altar of Dithmenos.
  1199 | D:2      | Reached skill level 6 in Bows
  1240 | D:2      | Reached XP level 4. HP: 25/25 MP: 6/6
  2079 | D:3      | Reached skill level 7 in Bows
  2079 | D:3      | Reached XP level 5. HP: 26/29 MP: 7/7
  3275 | D:4      | Reached skill level 8 in Bows
  3275 | D:4      | Reached XP level 6. HP: 17/34 MP: 8/8
  3877 | D:4      | HP: 1/34 [poisoned by a scorpion]
  3878 | D:4      | Succumbed to a scorpion's poison

Vault maps used:
D:1:      minmay_arrival_checkered_box, minmay_tromino_v2
D:2:      grunt_dithmenos_smoke, first_bread
D:3:      serial_curves, eino_curves_01, eino_curves_01
D:4:      minmay_temple_entry_overgrown

Skill      XL: |  1  2  3  4  5 |
---------------+----------------+-----
Bows           | 5 6 7 8 |  8.9
Fighting       | |  1.5
Dodging        | |  2.4
Stealth        | |  1.2

Action                   |  1- 3 |  4- 6 || total
-------------------------+-------+-------++-------
Melee: Short sword       |       |     4 ||     4
 Fire: Shortbow          |   102 |   239 ||   341
  Use: Scroll            |     3 |       ||     3
       Potion            |       |     2 ||     2
  Eat: Chunk             |       |     9 ||     9
Armor: Leather armour    |     3 |     8 ||    11
Dodge: Dodged            |    11 |    48 ||    59
Block: Other             |       |    20 ||    20

Table legend:
 A = Spawn XP
 B = Non-spawn XP
 C = Spawn XP percentage of total XP
 D = Spawn monster count
 E = Non-spawn monster count
 F = Spawn count percentage of total count
 G = Total turns spent on level
                    A         B        C        D         E        F      G
               +---------+---------+-------+---------+---------+-------+---------
         Total |       0 |     629 |   0.0 |       0 |      92 |   0.0 |  3878
               +---------+---------+-------+---------+---------+-------+---------
           D:1 |       0 |      35 |   0.0 |       0 |      19 |   0.0 |   799
           D:2 |       0 |     107 |   0.0 |       0 |      26 |   0.0 |  1146
           D:3 |       0 |     155 |   0.0 |       0 |      26 |   0.0 |  1260
           D:4 |       0 |     332 |   0.0 |       0 |      21 |   0.0 |   673
               +---------+---------+-------+---------+---------+-------+---------
